 Dungeon Crawl Stone Soup version 0.20-a0-317-gc038824 (webtiles) character file.

2492 HarryHood the Fighter (level 9, -4/60 HPs)
             Began as a Gargoyle Berserker on Dec 21, 2016.
             Was an Elder of Trog.
             Slain by an orc warrior
             ... wielding a +0 trident
              (8 damage)
             ... in a bailey.
             The game lasted 00:32:42 (6502 turns).

HarryHood the Fighter (Gargoyle Berserker)          Turns: 6502, Time: 00:32:43

Health: -4/60      AC: 15    Str: 21    XL:     9   Next: 52%
Magic:  9/9        EV: 10    Int: 10    God:    Trog [****..]
Gold:   357        SH:  0    Dex: 12    Spells: 8/8 levels left

rFire  . . .     SeeInvis .     y - +5 dire flail
rCold  . . .     Gourm    .     n - +0 scale mail
rNeg   + . .     Faith    +     (shield currently unavailable)
rPois  ∞         Spirit   .     (no helmet)
rElec  +         Reflect  .     (no cloak)
rCorr  .         Harm     .     j - +0 pair of gloves
MR     .....                    e - +0 pair of boots
Stlth  ..........               F - amulet of faith
                                (no ring)
                                d - +2 ring of intelligence

@: no status effects
A: negative energy resistance 1, electricity resistance, unbreathing,
petrification resistance, rot immunity, AC +5
a: Berserk, Trog's Hand, Brothers in Arms, Burn Spellbooks, Renounce Religion


You were in a bailey.
You worshipped Trog.
Trog was greatly pleased with you.
You were not hungry.

You visited 2 branches of the dungeon, and saw 8 of its levels.
You also visited: Bailey.

You collected 357 gold pieces.

Inventory:

Hand Weapons
 y - a +5 dire flail (weapon)
Armour
 e - a +0 pair of boots (worn)
 j - a +0 pair of gloves (worn)
 n - a +0 scale mail (worn)
 v - a +0 buckler
Jewellery
 d - a +2 ring of intelligence (left hand)
 F - an amulet of faith (around neck)
Wands
 w - a wand of iceblast (15/15)
Scrolls
 h - 2 scrolls of vulnerability
 k - 2 scrolls of magic mapping
 p - a scroll of blinking
 s - 2 scrolls of fear
 u - 3 scrolls of remove curse
 C - a scroll of recharging
 D - a scroll of enchant weapon
Potions
 b - a potion of flight {unknown}
 i - a potion of heal wounds
 l - 4 potions of lignification
 o - a potion of agility {unknown}
 q - a potion of cure mutation
 t - 2 potions of brilliance {unknown}
 x - 3 potions of curing
 A - a potion of cancellation {unknown}
 B - a potion of resistance {unknown}
Comestibles
 a - a slice of pizza
 c - 4 bread rations {@e1}
 f - 13 fruits {@e2}
 g - 7 chunks of flesh
 m - 8 meat rations {@e3}
 r - 2 royal jellies {=*}
 z - a meat ration {=@e3}
 E - a beef jerky


   Skills:
 - Level 9.0 Fighting
 * Level 7.7 Maces & Flails
 - Level 6.0 Armour
 - Level 1.5 Dodging
 - Level 5.1 Shields


You had 8 spell levels left.
You didn't know any spells.

Dungeon Overview and Level Annotations

Branches:
Dungeon (7/15)             Temple (1/1) D:5

Altars:
Ashenzari
Cheibriados
Dithmenos
Elyvilon
Fedhas
Gozag
Hepliaklqana
Kikubaaqudgha
Makhleb
Nemelex Xobeh
Okawaru
Qazlal
Ru
Sif Muna
Trog
Uskayaw
Vehumet
Xom
Yredelemnul
Zin
The Shining One


Innate Abilities, Weirdness & Mutations

You are resistant to torment.
Your stone body is resilient. (AC +5)
You are immune to poison.
You resist negative energy. (rN+)
You are resistant to electric shocks. (rElec)
You can survive without breathing.
You are immune to petrification.
You are immune to rotting.


Message History

* * * LOW HITPOINT WARNING * * *
The orc hits you from afar with a halberd.
* * * LOW HITPOINT WARNING * * *
The orc hits you from afar with a halberd.
* * * LOW HITPOINT WARNING * * *
The orc hits you from afar with a halberd.
* * * LOW HITPOINT WARNING * * *
The orc shouts!
The orc hits you from afar with a halberd.
* * * LOW HITPOINT WARNING * * *
The orc shouts!
The orc closely misses you. The orc hits you but does no damage. x2
The orc warrior shouts!
You hear a shout!
The orc hits you but does no damage.
Found a gate leading back out of this place.
The orc hits you but does no damage. The orc warrior completely misses you.
The orc warrior hits you but does no damage.
The orc warrior hits you from afar with a trident!
You die...

######## .......##
≈≈≈≈≈≈..##
oo...≈≈..##
o###..≈≈..##########
## ##..≈≈.......@..#
#.∩.##..≈≈≈≈≈≈≈≈≈≈.#
....##.ooo.o.ooo≈.#
##+## +#########.≈.#
#.≈.# ..≈.# .≈≈.#
≈≈.∩#


You could see an orc warrior and 5 orcs.

Vanquished Creatures
  Prince Ribbit (D:6)
  The ghost of Gimar the Insei, an amateur MfTm (D:4)
  A sky beast (D:7)
  An orc warrior (D:4)
  An ice beast (D:7)
  2 phantoms
  A centaur (D:6)
  2 ogres
  A big kobold (D:7)
  2 bullfrogs (D:6)
  4 wights (D:5)
  2 howler monkeys (D:4)
  4 crimson imps
  A hound (D:5)
  A quasit (D:7)
  A centaur skeleton (D:6)
  2 orc priests
  2 jellies
  5 orc wizards
  An iguana (D:5)
  Natasha (thrice) (D:4)
  5 worker ants
  A worker ant zombie (D:7)
  6 gnolls
  9 adders
  A shadow imp (D:5)
  An ooze (D:2)
  3 worms
  2 dart slugs
  3 leopard geckos
  10 orcs
  13 bats
  2 giant cockroaches
  15 goblins
  5 hobgoblins
  11 jackals
  7 kobolds
  3 quokkas
  A ball python (D:2)
  7 frilled lizards
  A jackal skeleton (D:4)
  4 rats
149 creatures vanquished.

Notes
Turn   | Place    | Note
-------+----------+-------------------------------------------
     0 | D:1      | HarryHood the Gargoyle Berserker began the quest for the Orb.
     0 | D:1      | Reached XP level 1. HP: 14/14 MP: 1/1
   247 | D:1      | Reached XP level 2. HP: 19/20 MP: 2/2
   265 | D:1      | Reached skill level 4 in Fighting
   445 | D:1      | Found a shimmering altar of Xom.
   897 | D:2      | Reached XP level 3. HP: 24/24 MP: 3/3
   932 | D:2      | Reached skill level 5 in Fighting
   972 | D:2      | Reached ** piety under Trog
  1081 | D:2      | Reached XP level 4. HP: 31/31 MP: 4/4
  1498 | D:2      | Reached skill level 6 in Fighting
  1498 | D:2      | Reached XP level 5. HP: 33/36 MP: 5/5
  2475 | D:3      | Reached *** piety under Trog
  2569 | D:4      | Noticed Gimar's ghost (amateur MfTm)
  2711 | D:4      | Killed Gimar's ghost
  2711 | D:4      | Reached skill level 5 in Maces & Flails
  2711 | D:4      | Reached XP level 6. HP: 41/41 MP: 6/6
  2731 | D:4      | Reached XP level 7. HP: 28/46 MP: 7/7
  3131 | D:4      | Noticed Natasha
  3155 | D:4      | Killed Natasha
  3158 | D:4      | Noticed Natasha
  3169 | D:4      | Killed Natasha
  3243 | D:4      | Reached skill level 5 in Armour
  3404 | D:4      | Noticed Natasha
  3414 | D:4      | Killed Natasha
  3547 | D:5      | Entered Level 5 of the Dungeon
  3590 | D:5      | Reached XP level 8. HP: 45/51 MP: 8/8
  3602 | D:5      | Reached skill level 1 in Shields
  3704 | D:5      | Found a staircase to the Ecumenical Temple.
  3714 | Temple   | Entered the Ecumenical Temple
  3796 | D:5      | Found a burning altar of Makhleb.
  4245 | D:5      | Reached skill level 5 in Shields
  4733 | D:5      | Gained mutation: Scrolls take you a little longer to read. [potion of mutation]
  4733 | D:5      | Gained mutation: You are dopey. (Int -2) [potion of mutation]
  4733 | D:5      | Lost mutation: You are dopey. (Int -2) [potion of mutation]
  4742 | D:6      | Reached **** piety under Trog
  4760 | D:6      | Lost mutation: Scrolls take you a little longer to read. [potion of cure mutation]
  4827 | D:6      | Reached skill level 7 in Fighting
  4828 | D:6      | Noticed Prince Ribbit
  4847 | D:6      | Killed Prince Ribbit
  4847 | D:6      | Reached skill level 8 in Fighting
  4847 | D:6      | Reached XP level 9. HP: 22/59 MP: 9/9
  5880 | D:7      | Reached skill level 9 in Fighting
  6428 | D:7      | Found a flagged portal.
  6443 | Bailey   | Entered a bailey
  6492 | Bailey   | HP: 2/60 [orc/halberd (2)]
  6502 | Bailey   | Slain by an orc warrior

Vault maps used:
D:1:      saegor_arrival_simple_a, xom_teletrap_fun
D:4:      first_bread, hex_intersection, uniq_natasha
D:5:      minmay_opposing_rooms, basic_altar
D:6:      uniq_prince_ribbit1
D:7:      enter_bailey_3
Temple:   nicolae_temple_the_god_donut
Bailey:   bailey_polearm_1, bailey

Skill      XL: |  1  2  3  4  5  6  7  8  9 |
---------------+----------------------------+-----
Fighting       | 4 5 6 8 9 |  9.0
Maces & Flails | 5 6 7 |  7.7
Armour         | 6 |  6.0
Shields        | 5 |  5.1
Dodging        | |  1.5

Action                   |  1- 3 |  4- 6 |  7- 9 || total
-------------------------+-------+-------+-------++-------
Melee: Mace              |    27 |       |       ||    27
       Whip              |    87 |   174 |   235 ||   496
       Dire flail        |       |       |   138 ||   138
Invok: Berserk           |       |     1 |     2 ||     3
       Burn Spellbooks   |       |       |     1 ||     1
  Use: Scroll            |     2 |     7 |     9 ||    18
       Potion            |       |     1 |     2 ||     3
  Eat: Chunk             |     1 |     5 |     8 ||    14
       Bread ration      |       |       |     2 ||     2
       Fruit             |       |       |     1 ||     1
Armor: Ring mail         |    19 |    30 |       ||    49
       Animal skin       |     1 |       |       ||     1
       Scale mail        |    32 |   100 |   214 ||   346
Dodge: Dodged            |    67 |    85 |   200 ||   352
Block: Buckler           |       |     8 |    29 ||    37
